 Dungeon Crawl Stone Soup version 0.28.0-53-g5a82cb258f (webtiles) character file.

Game seed: 14577532795423701805

3470 clackabat the Basher (level 10, -2/66 HPs)
             Began as a Gargoyle Fighter on July 13, 2022.
             Was a Believer of Okawaru.
             Slain by a two-headed ogre
             ... wielding a +0 giant spiked club
              (15 damage)
             ... on level 8 of the Dungeon.
             The game lasted 00:22:55 (9792 turns).

clackabat the Basher (Gargoyle Fighter)             Turns: 9792, Time: 00:22:55

Health: -2/66      AC: 31    Str: 20    XL:     10   Next: 6%
Magic:  11/11      EV:  9    Int: 11    God:    Okawaru [**....]
Gold:   410        SH:  6    Dex: 11    Spells: 9/9 levels left

rFire   + + .      SeeInvis +   l - +2 mace (protect)
rCold   + . .      Faith    .   c - +0 buckler
rNeg    + . .      Spirit   .   p - +2 chain mail {rC+}
rPois   ∞          Reflect  .   m - +2 helmet
rElec   +          Harm     .   b - +0 cloak
rCorr   .          Rampage  .   (no gloves)
Will    .....                   (no boots)
Stlth   +.........              t - amulet "Cocvonuj" {RegenMP Fragile rPois rF++ Stlth+}
HPRegen 0.21/turn               k - ring of flight
MPRegen 0.52/turn               o - ring of see invisible

@: heroic, under a protective aura, flying
A: sickness immunity, AC +7, negative energy resistance 1, electricity
resistance, torment resistance 1, petrification resistance
a: Renounce Religion, Heroism


You were on level 8 of the Dungeon.
You worshipped Okawaru.
Okawaru was pleased with you.
You visited 2 branches of the dungeon, and saw 9 of its levels.
You also visited: Sewer.

You collected 410 gold pieces.

Inventory:

Hand Weapons
 a - a +0 flail
 l - a +2 mace of protection (weapon)
 n - a +3 mace of draining
 w - a +0 whip of venom
 G - a +2 dire flail
Missiles
 h - 15 poisoned darts (quivered)
 y - a throwing net
Armour
 b - a +0 cloak (worn)
 c - a +0 buckler (worn)
 m - a +2 helmet (worn)
 p - a +2 chain mail of cold resistance (worn)
Magical Staves
 f - a staff of air
Jewellery
 k - a ring of flight (left hand)
 o - a ring of see invisible (right hand)
 t - the amulet "Cocvonuj" (around neck) {RegenMP Fragile rPois rF++ Stlth+}
   (You found it on level 5 of the Dungeon)

   [amulet of magic regeneration]

   It increases your rate of magic regeneration.
   rF:        It greatly protects you from fire.
   rPois:     It protects you from poison.
   Fragile:   It will be destroyed if unequipped.
   Stlth:     It makes you more stealthy.
 F - an amulet of faith
 I - an amulet of reflection
Wands
 g - a wand of flame (16)
Scrolls
 j - 2 scrolls of enchant weapon
 q - a scroll of amnesia
 s - a scroll of enchant armour
 E - a scroll of fog
 J - a scroll of summoning {unknown}
 L - a scroll of identify
Potions
 d - a potion of cancellation
 e - 3 potions of curing
 i - 4 potions of attraction
 r - 3 potions of lignification
 u - a potion of magic
 v - a potion of resistance
 x - 3 potions of heal wounds
 z - 4 potions of mutation {unknown}
 A - a potion of invisibility {unknown}
 B - a potion of ambrosia {unknown}
 C - a potion of brilliance {unknown}
 D - a potion of haste {unknown}
 H - a potion of might
 K - 2 potions of flight


   Skills:
 + Level 9.4(14.4) Fighting
 * Level 11.5(16.5) Maces & Flails
 - Level 3.2(8.2) Armour
 - Level 3.2(8.2) Shields
 + Level 1.4 Invocations


You had 9 spell levels left.
You didn't know any spells.
Your spell library contained the following spells:

 Spells                   Type           Power      Damage    Failure   Level
 Sandblast                Erth           0%         2d4       98%         1
 Sting                    Tmut/Pois      0%         1d3       98%         1
 Passwall                 Tmut/Erth      0%         N/A       99%         2
 Poisonous Vapours        Pois/Air       0%         N/A       99%         2
 Static Discharge         Conj/Air       0%         N/A       99%         2
 Stone Arrow              Conj/Erth      0%         3d7       100%        3
 Anguish                  Hex/Necr       0%         N/A       100%        4
 Dispel Undead            Necr           0%         3d6       100%        4
 Hailstorm                Conj/Ice       0%         3d3       100%        4
 Ice Form                 Ice/Tmut       0%         N/A       100%        4
 Olgreb's Toxic Radiance  Pois           0%         N/A       100%        4
 Sticky Flame             Conj/Fire      0%         2d3       100%        4
 Enfeeble                 Hex            0%         N/A       100%        7
 Animate Skeleton         Necr           Unusable   N/A       N/A         1
 Tukima's Dance           Hex            Unusable   N/A       N/A         3
 Simulacrum               Ice/Necr       Unusable   N/A       N/A         6

Dungeon Overview and Level Annotations

Branches:
Dungeon (8/15)             Temple (1/1) D:4           Sewer (visited)
   Lair: D:8-11

Altars:
Ashenzari
Cheibriados
Dithmenos
Elyvilon
Fedhas
Gozag
Hepliaklqana
Kikubaaqudgha
Makhleb
Nemelex Xobeh
Okawaru
Qazlal
Ru
Sif Muna
Trog
Uskayaw
Vehumet
Wu Jian
Xom
Yredelemnul
Zin
The Shining One


Innate Abilities, Weirdness & Mutations

You are immune to sickness and miasma.
Your stone body is resilient. (AC +7)
You are immune to poison.
You resist negative energy. (rN+)
You are resistant to electric shocks. (rElec)
You are resistant to unholy torment.
You are immune to petrification.


Message History

The two-headed ogre completely misses you.
You hit the two-headed ogre but do no damage.
The two-headed ogre is moderately wounded.
The two-headed ogre hits you with a +0 giant spiked club!
The two-headed ogre hits you with a +0 giant club.
You sock the two-headed ogre!
The two-headed ogre is moderately wounded.
You gain the combat prowess of a mighty hero.
The orc barely misses you. The two-headed ogre barely misses you.
The two-headed ogre hits you with a +0 giant club!
You hit the two-headed ogre but do no damage.
The two-headed ogre is moderately wounded.
The orc closely misses you. You block the two-headed ogre's attack.
The two-headed ogre hits you with a +0 giant club!
* * * LOW HITPOINT WARNING * * *
You thump the two-headed ogre!
The two-headed ogre is heavily wounded.
The orc barely misses you.
You barely miss the two-headed ogre.
The two-headed ogre is heavily wounded.
The two-headed ogre hits you with a +0 giant spiked club.
* * * LOW HITPOINT WARNING * * *
The two-headed ogre misses you. You block the orc's attack.
You barely miss the two-headed ogre.
The two-headed ogre is heavily wounded.
You sock the two-headed ogre!
The two-headed ogre is severely wounded.
The two-headed ogre hits you but does no damage.
The two-headed ogre barely misses you. The orc hits you but does no damage.
You completely miss the two-headed ogre.
The two-headed ogre is severely wounded.
You block the orc's attack. You block the two-headed ogre's attack.
The two-headed ogre hits you but does no damage.
You hit the two-headed ogre.
The two-headed ogre is severely wounded.
You block the orc's attack.
You hit the two-headed ogre.
The two-headed ogre is almost dead.
The two-headed ogre hits you with a +0 giant spiked club!
You die...

.# .(..( .
#..( . #.(.
#. #..
#.##.##o.
......oo#
#....ooO# #
#@####
#.##....#
#.....).# #
##.....<#.#
#.###.)..#
... #..#.#
#.#. #....#
...# ..#.##
.. ###...


You could see a two-headed ogre (poisoned) and 5 orcs.

Vanquished Creatures
  Prince Ribbit (D:5)
  Sigmund (D:5)
  Eustachio (D:6)
  Menkaure (D:6)
  A water moccasin (D:7)
  A sky beast (D:6)
  4 black bears
  A necrophage (D:7)
  An orc warrior (D:4)
  An ogre (D:4)
  A phantom (D:4)
  3 bullfrogs
  A kobold brigand (D:7)
  4 scorpions (D:6)
  A gnoll sergeant (D:7)
  A wyvern skeleton (D:7)
  7 wights
  2 gnoll shamans
  A jelly (D:6)
  2 bullfrog zombies
  Crazy Yiuf (D:4)
  An orc priest (D:4)
  A centaur skeleton (D:7)
  2 hounds (D:5)
  Jessica (D:2)
  2 iguanas
  4 orc wizards
  A howler monkey zombie (D:4)
  Robin (D:2)
  20 gnolls
  15 adders
  6 river rats
  3 worms
  5 dart slugs
  29 orcs
  7 bats
  7 endoplasms
  5 giant cockroaches
  16 goblins
  4 hobgoblins
  2 jackals (D:3)
  13 kobolds
  8 quokkas
  11 ball pythons
  3 frilled lizards
  31 rats
235 creatures vanquished.

Vanquished Creatures (others)
  A fungus (D:4)
1 creature vanquished.

Grand Total: 236 creatures vanquished

Notes
Turn   | Place    | Note
-------+----------+-------------------------------------------
     0 | D:1      | clackabat the Gargoyle Fighter began the quest for the Orb.
     0 | D:1      | Reached XP level 1. HP: 14/14 MP: 1/1
   207 | D:1      | Reached XP level 2. HP: 18/19 MP: 2/2
   362 | D:1      | Reached skill level 3 in Maces & Flails
   366 | D:1      | Reached XP level 3. HP: 24/24 MP: 3/3
   831 | D:2      | Noticed Jessica
   836 | D:2      | Killed Jessica
   837 | D:2      | Reached XP level 4. HP: 21/29 MP: 4/4
  1662 | D:2      | Found a faded altar of an unknown god.
  1677 | D:2      | Got Plato's Almanac of Darkness
  1783 | D:2      | Noticed Robin
  1790 | D:2      | Reached skill level 4 in Maces & Flails
  1796 | D:2      | Killed Robin
  2412 | D:3      | Reached XP level 5. HP: 34/34 MP: 5/5
  2570 | D:3      | Identified the +5 ring mail "Imehis" {*Corrode rC+ Int+4}
  3400 | D:4      | Noticed a phantom
  3423 | D:4      | Killed a phantom
  3424 | D:4      | Reached skill level 5 in Fighting
  3424 | D:4      | Reached skill level 5 in Maces & Flails
  3424 | D:4      | Reached XP level 6. HP: 17/40 MP: 6/6
  3459 | D:4      | Found a glowing drain.
  3480 | Sewer    | Entered a sewer
  4110 | Sewer    | Reached skill level 6 in Maces & Flails
  4110 | Sewer    | Reached XP level 7. HP: 24/44 MP: 7/7
  4595 | D:4      | Found a staircase to the Ecumenical Temple.
  4603 | D:5      | Entered Level 5 of the Dungeon
  4706 | D:4      | Reached skill level 7 in Maces & Flails
  4727 | Temple   | Entered the Ecumenical Temple
  5119 | Temple   | Became a worshipper of Warmaster Okawaru
  5396 | D:4      | Reached XP level 8. HP: 25/52 MP: 8/8
  5727 | D:4      | Found a runed translucent door.
  5728 | D:4      | Noticed Crazy Yiuf
  5737 | D:4      | Killed Crazy Yiuf
  5848 | D:5      | Noticed Prince Ribbit
  5903 | D:5      | Killed Prince Ribbit
  5904 | D:5      | Reached skill level 8 in Maces & Flails
  6471 | D:5      | Identified the amulet "Cocvonuj" {RegenMP Fragile rPois
                  | rF++ Stlth+}
  6569 | D:5      | Noticed Sigmund
  6657 | D:6      | Reached * piety under Okawaru
  6698 | D:6      | Found a snail-covered altar of Cheibriados.
  6879 | D:6      | Reached skill level 9 in Maces & Flails
  6974 | D:6      | Reached XP level 9. HP: 55/58 MP: 9/9
  7367 | D:6      | Noticed Menkaure
  7381 | D:6      | Killed Menkaure
  7587 | D:6      | Reached ** piety under Okawaru
  7588 | D:6      | Reached skill level 10 in Maces & Flails
  7622 | D:6      | Noticed Eustachio
  7640 | D:6      | Killed Eustachio
  8289 | D:5      | Killed Sigmund
  9117 | D:7      | Reached skill level 11 in Maces & Flails
  9427 | D:7      | Reached *** piety under Okawaru
  9428 | D:7      | Reached skill level 1 in Invocations
  9428 | D:7      | Reached XP level 10. HP: 66/66 MP: 10/10
  9772 | D:8      | Noticed a two-headed ogre
  9792 | D:8      | Slain by a two-headed ogre

Illustrated notes

Levels and vault maps discovered:
D:1:      psy_arrival_spokes, layout_basic
D:2:      layout_basic, shapermc_ecumenical_altar_rom_forum,
          serial_bayou_pond_d, uniq_robin, uniq_jessica
D:3:      layout_basic, minmay_mini_jars
D:4:      layout_basic, minmay_temple_entry_glass, portal_sewer_entry_b,
          st_stairs_13, uniq_crazy_yiuf_cottage
D:5:      layout_layer_cave, uniq_sigmund, uniq_prince_ribbit1
D:6:      layout_loops_ring, kennysheep_mini, uniq_eustachio, uniq_menkaure
D:7:      layout_loops_corners, skrybe_limestone_x
D:8:      layout_loops_cross
Temple:   mainiacjoe_temple_hex_bubbles

Skill      XL: |  1  2  3  4  5  6  7  8  9 |
---------------+----------------------------+-----
Maces & Flails | 3 4 5 6 7 9 11 | 11.5
Fighting       | 4 5 6 7 9 |  9.4
Invocations    | 1 |  1.4
Armour         | |  3.2
Shields        | |  3.2

Action                   |  1- 3 |  4- 6 |  7- 9 | 10-12 || total
-------------------------+-------+-------+-------+-------++-------
Melee: Flail             |    73 |   110 |       |       ||   183
       Mace              |       |   203 |   481 |    38 ||   722
Throw: Dart              |       |       |     7 |     6 ||    13
Invok: Heroism           |       |       |       |     1 ||     1
  Use: Potion            |       |     2 |     2 |       ||     4
       Scroll            |       |       |    15 |       ||    15
Armor: Scale mail        |    40 |    38 |       |       ||    78
       Chain mail        |       |   199 |   381 |    18 ||   598
Dodge: Dodged            |    49 |   156 |   174 |    14 ||   393
Block: Buckler           |    14 |    83 |   106 |     7 ||   210
